PAAA
ALASKAN HUMPBACKS @ JERSEY CITY TRITONS
07/28/2039
 
TOP OF THE 1ST
Alaskan Humpbacks batting - Pitching for Jersey City Tritons : LHP Adrián Padilla
Pitching: LHP Adrián Padilla
Batting: RHB Thomas Feliciano 0-0: Ball
1-0: Ball
2-0: Ball
3-0: Base on Balls
Batting: RHB Jon Moon 0-0: Called Strike
0-1: Foul Ball, location: 2F
0-2: Foul Ball, location: 2F
0-2: Ball
1-2: Ball
2-2: Foul Ball, location: 2F
2-2: Foul Ball, location: 2F
2-2: Foul Ball, location: 2F
2-2: Foul Ball, location: 2F
2-2: DOUBLE (Line Drive, 78D, EV 97.5 MPH)
Thomas Feliciano to third
Runner from 3rd tries for Home, SAFE, throw by CF to home
Batting: LHB Pat Pending 0-0: Called Strike
0-1: Foul Ball, location: 2F
0-2: Fly out, F8 (Flyball, 78XD, EV 105.0 MPH)
Runner from 2nd tags up, SAFE at 3rd, no throw by CF
Batting: LHB Roberts Hamhock 0-0: Ball
1-0: Ball
2-0: Ball
3-0: Base on Balls
Batting: LHB Carlos Castro 0-0: Foul Ball, location: 2F
0-1: Foul Ball, location: 2F
0-2: SINGLE (Groundball, 34D, EV 108.1 MPH)
Jon Moon scores
Roberts Hamhock to second
Runner from 2nd tries for 3rd, SAFE, throw by RF made to third
Batting: RHB José Torres 0-0: Ball
1-0: Ball
2-0: SINGLE (Groundball, 56D, EV 106.2 MPH)
Roberts Hamhock scores
Carlos Castro to second
Batting: RHB Bobby McFillin 0-0: Called Strike
0-1: Ground out 6-3 (Groundball, 6S, EV 63.8 MPH)
Carlos Castro to third
José Torres to second
Batting: RHB Abel Risinger 0-0: Ground out 4-3 (Groundball, 34, EV 105.6 MPH)
Top of the 1st over - 3 runs, 3 hits, 0 errors, 2 left on base; Alaskan 3 - Jersey City 0
BOTTOM OF THE 1ST
Jersey City Tritons batting - Pitching for Alaskan Humpbacks : RHP César Soto
Pitching: RHP César Soto
Batting: RHB Santiago Valentín 0-0: Called Strike
0-1: Foul Ball, location: 2F
0-2: Ball
1-2: Foul Ball, location: 2F
1-2: Foul Ball, location: 2F
1-2: Foul Ball, location: 2F
1-2: Ball
2-2: Strikes out looking
Batting: LHB Bud Randall 0-0: Ball
1-0: Ball
2-0: Ball
3-0: Called Strike
3-1: Foul Ball, location: 2F
3-2: Foul Ball, location: 2F
3-2: Foul Ball, location: 2F
3-2: Base on Balls
Batting: RHB Kjartan Einarsson 0-0: Swinging Strike
0-1: Ball
1-1: Swinging Strike
1-2: Ball
2-2: Ball
3-2: Base on Balls
Bud Randall to second
Batting: LHB Jason Schneider 0-0: Called Strike
0-1: Ball
1-1: Called Strike
1-2: Ball
2-2: Foul Ball, location: 2F
2-2: Ball
3-2: Fly out, F9 (Line Drive, 9, EV 96.2 MPH)
Batting: RHB Manuel Márquez 0-0: Fly out, F7 (Flyball, 8LS, EV 76.2 MPH)
Bottom of the 1st over - 0 runs, 0 hits, 0 errors, 2 left on base; Alaskan 3 - Jersey City 0
TOP OF THE 2ND
Alaskan Humpbacks batting - Pitching for Jersey City Tritons : LHP Adrián Padilla
Batting: LHB Augusto Reyes 0-0: Called Strike
0-1: Ball
1-1: Fly out, F8 (Line Drive, 8RD, EV 86.2 MPH)
Batting: RHB Thomas Feliciano 0-0: Ball
1-0: Ball
2-0: Called Strike
2-1: Called Strike
2-2: Ball
3-2: Base on Balls
Batting: RHB Jon Moon 0-0: Grounds into double play, 4-6-3 (Groundball, 34, EV 101.2 MPH)
Top of the 2nd over - 0 runs, 0 hits, 0 errors, 0 left on base; Alaskan 3 - Jersey City 0
BOTTOM OF THE 2ND
Jersey City Tritons batting - Pitching for Alaskan Humpbacks : RHP César Soto
Batting: RHB Phil Oostermeer 0-0: Ball
1-0: Called Strike
1-1: Foul Ball, location: 2F
1-2: Strikes out swinging
Batting: RHB Francisco Agámez 0-0: Called Strike
0-1: Swinging Strike
0-2: Ball
1-2: Ball
2-2: Ball
3-2: Foul Ball, location: 2F
3-2: Strikes out swinging
Batting: RHB Greg Dixon 0-0: Called Strike
0-1: Swinging Strike
0-2: Foul Ball, location: 2F
0-2: Ground out 4-3 (Groundball, 4, EV 85.0 MPH)
Bottom of the 2nd over - 0 runs, 0 hits, 0 errors, 0 left on base; Alaskan 3 - Jersey City 0
TOP OF THE 3RD
Alaskan Humpbacks batting - Pitching for Jersey City Tritons : LHP Adrián Padilla
Batting: LHB Pat Pending 0-0: Ball
1-0: Swinging Strike
1-1: Called Strike
1-2: Fly out, F8 (Flyball, 8LD, EV 96.2 MPH)
Batting: LHB Roberts Hamhock 0-0: Foul Ball, location: 2F
0-1: Ball
1-1: Called Strike
1-2: SINGLE (Groundball, 34D, EV 109.4 MPH)
Batting: LHB Carlos Castro 0-0: Swinging Strike
0-1: Ball
1-1: Ball
2-1: Ball
3-1: Base on Balls
Roberts Hamhock to second
Batting: RHB José Torres 0-0: Ball
1-0: Foul Ball, location: 2F
1-1: Ball
2-1: Ground out 3-1 (Groundball, 3S, EV 85.6 MPH)
Roberts Hamhock to third
Carlos Castro to second
Batting: RHB Bobby McFillin 0-0: Called Strike
0-1: Ball
1-1: SINGLE (Groundball, 56D, EV 95.0 MPH)
Roberts Hamhock scores
Carlos Castro to third
Runner from 3rd tries for Home, SAFE, no throw by LF
Batting: RHB Abel Risinger 0-0: Foul Ball, location: 2F
0-1: Fly out, F9 (Flyball, 9S, EV 91.2 MPH)
Top of the 3rd over - 2 runs, 2 hits, 0 errors, 1 left on base; Alaskan 5 - Jersey City 0
BOTTOM OF THE 3RD
Jersey City Tritons batting - Pitching for Alaskan Humpbacks : RHP César Soto
Batting: RHB Yohann Serres 0-0: Called Strike
0-1: Ball
1-1: Ball
2-1: Swinging Strike
2-2: Foul Ball, location: 2F
2-2: Foul Ball, location: 2F
2-2: Ball
3-2: Ground out 6-3 (Groundball, 56, EV 101.9 MPH)
Batting: RHB Santiago Valentín 0-0: Called Strike
0-1: Swinging Strike
0-2: Ball
1-2: Ball
2-2: Ball
3-2: SINGLE (Flyball, 89S, EV 97.5 MPH)
Batting: LHB Bud Randall 0-0: Ball
1-0: Ball
2-0: Called Strike
2-1: Foul Ball, location: 2F
2-2: Strikes out swinging
Batting: RHB Kjartan Einarsson 0-0: Swinging Strike
0-1: Swinging Strike
0-2: Foul Ball, location: 2F
0-2: Ball
1-2: Foul Ball, location: 2F
1-2: DOUBLE (Groundball, 5L, EV 101.9 MPH)
Santiago Valentín to third
Runner from 3rd tries for Home, SAFE, throw by LF to home
Batting: LHB Jason Schneider 0-0: Called Strike
0-1: Ball
1-1: Ball
2-1: Fly out, F8 (Line Drive, 8RM, EV 86.9 MPH)
Bottom of the 3rd over - 1 run, 2 hits, 0 errors, 1 left on base; Alaskan 5 - Jersey City 1
TOP OF THE 4TH
Alaskan Humpbacks batting - Pitching for Jersey City Tritons : LHP Adrián Padilla
Batting: LHB Augusto Reyes 0-0: Ball
1-0: Called Strike
1-1: SINGLE (Line Drive, 8LS, EV 95.6 MPH)
Batting: RHB Thomas Feliciano 0-0: Ball
1-0: Swinging Strike
1-1: Called Strike
1-2: Fielders Choice at 2nd, 6-4 (Groundball, 56, EV 109.4 MPH)
Batting: RHB Jon Moon 0-0: Ball
1-0: Ball
2-0: Called Strike
2-1: Grounds into double play, 5-4-3 (Groundball, 5, EV 98.1 MPH)
Top of the 4th over - 0 runs, 1 hit, 0 errors, 0 left on base; Alaskan 5 - Jersey City 1
BOTTOM OF THE 4TH
Jersey City Tritons batting - Pitching for Alaskan Humpbacks : RHP César Soto
Batting: RHB Manuel Márquez 0-0: Swinging Strike
0-1: Ball
1-1: Ball
2-1: Ball
3-1: Foul Ball, location: 2F
3-2: Fly out, F7 (Line Drive, 8LM, EV 91.2 MPH)
Batting: RHB Phil Oostermeer 0-0: Called Strike
0-1: Foul Ball, location: 2F
0-2: Foul Ball, location: 2F
0-2: SINGLE (Groundball, 34, EV 111.9 MPH) (infield hit)
Batting: RHB Francisco Agámez 0-0: Called Strike
0-1: Fielders Choice at 2nd, 5-4 (Groundball, 56, EV 80.0 MPH)
Pitching: LHP Ramon Wuilink
Batting: RHB Greg Dixon 0-0: Ball
1-0: Swinging Strike
1-1: Swinging Strike
1-2: Ball
2-2: Strikes out swinging
Bottom of the 4th over - 0 runs, 1 hit, 0 errors, 1 left on base; Alaskan 5 - Jersey City 1
TOP OF THE 5TH
Alaskan Humpbacks batting - Pitching for Jersey City Tritons : LHP Adrián Padilla
Batting: LHB Pat Pending 0-0: Swinging Strike
0-1: Fly out, F7 (Flyball, 7, EV 88.8 MPH)
Batting: LHB Roberts Hamhock 0-0: Ball
1-0: Ball
2-0: Foul Ball, location: 2F
2-1: Ball
3-1: Base on Balls
Batting: LHB Carlos Castro 0-0: Grounds into double play, 6-4-3 (Groundball, 6M, EV 106.2 MPH)
Top of the 5th over - 0 runs, 0 hits, 0 errors, 0 left on base; Alaskan 5 - Jersey City 1
BOTTOM OF THE 5TH
Jersey City Tritons batting - Pitching for Alaskan Humpbacks : LHP Ramon Wuilink
Batting: RHB Yohann Serres 0-0: Called Strike
0-1: Ground out 6-3 (Groundball, 56D, EV 84.4 MPH)
Batting: RHB Santiago Valentín 0-0: SINGLE (Groundball, 6MD, EV 95.6 MPH)
Batting: LHB Bud Randall 0-0: Ball
1-0: Fly out, F3 (Line Drive, 3, EV 64.4 MPH)
Batting: RHB Kjartan Einarsson 0-0: Called Strike
0-1: Foul Ball, location: 2F
0-2: Strikes out looking
Bottom of the 5th over - 0 runs, 1 hit, 0 errors, 1 left on base; Alaskan 5 - Jersey City 1
TOP OF THE 6TH
Alaskan Humpbacks batting - Pitching for Jersey City Tritons : LHP Adrián Padilla
Batting: RHB José Torres 0-0: Called Strike
0-1: Ball
1-1: Called Strike
1-2: Ball
2-2: Ball
3-2: Fly out, F9 (Line Drive, 9, EV 90.0 MPH)
Batting: RHB Bobby McFillin 0-0: Called Strike
0-1: Ball
1-1: Swinging Strike
1-2: Ground out 4-3 (Groundball, 4, EV 100.0 MPH)
Batting: RHB Abel Risinger 0-0: Called Strike
0-1: Fly out, F9 (Flyball, 9LSF, EV 98.1 MPH)
Top of the 6th over - 0 runs, 0 hits, 0 errors, 0 left on base; Alaskan 5 - Jersey City 1
BOTTOM OF THE 6TH
Jersey City Tritons batting - Pitching for Alaskan Humpbacks : LHP Ramon Wuilink
Batting: LHB Jason Schneider 0-0: Called Strike
0-1: Ball
1-1: Swinging Strike
1-2: Ball
2-2: Foul Ball, location: 2F
2-2: Ball
3-2: Foul Ball, location: 2F
3-2: Fly out, F5 (Popup, 56S, EV 85.0 MPH)
Batting: RHB Manuel Márquez 0-0: Ball
1-0: Foul Ball, location: 2F
1-1: Fly out, F3 (Popup, 3SF, EV 81.2 MPH)
Batting: RHB Phil Oostermeer 0-0: Ground out 4-3 (Groundball, 4, EV 88.8 MPH)
Bottom of the 6th over - 0 runs, 0 hits, 0 errors, 0 left on base; Alaskan 5 - Jersey City 1
TOP OF THE 7TH
Alaskan Humpbacks batting - Pitching for Jersey City Tritons : LHP Adrián Padilla
Batting: RHB Sigi Lang 0-0: Ball
1-0: Fly out, F7 (Line Drive, 7, EV 92.5 MPH)
Batting: RHB Thomas Feliciano 0-0: Called Strike
0-1: Ball
1-1: Ball
2-1: Ball
3-1: Foul Ball, location: 2F
3-2: Foul Ball, location: 2F
3-2: Ground out 4-3 (Groundball, 4, EV 85.0 MPH)
Batting: RHB Jon Moon 0-0: Ball
1-0: Ball
2-0: Called Strike
2-1: Fly out, F7 (Flyball, 7LM, EV 85.6 MPH)
Top of the 7th over - 0 runs, 0 hits, 0 errors, 0 left on base; Alaskan 5 - Jersey City 1
BOTTOM OF THE 7TH
Jersey City Tritons batting - Pitching for Alaskan Humpbacks : LHP Ramon Wuilink
Batting: RHB Francisco Agámez 0-0: Called Strike
0-1: Foul Ball, location: 2F
0-2: Ball
1-2: Foul Ball, location: 2F
1-2: Ground out 2-3 (Groundball, 15S, EV 70.6 MPH)
Batting: RHB Greg Dixon 0-0: Ball
1-0: Ground out 2-3 (Groundball, 15S, EV 63.1 MPH)
Batting: RHB Yohann Serres 0-0: Ball
1-0: Foul Ball, location: 2F
1-1: Ball
2-1: Foul Ball, location: 2F
2-2: Ball
3-2: Hit by Pitch
Batting: RHB Santiago Valentín 0-0: Foul Ball, location: 2F
0-1: Ball
1-1: Ball
2-1: Ball
3-1: Swinging Strike
3-2: Strikes out swinging
Bottom of the 7th over - 0 runs, 0 hits, 0 errors, 1 left on base; Alaskan 5 - Jersey City 1
TOP OF THE 8TH
Alaskan Humpbacks batting - Pitching for Jersey City Tritons : LHP Adrián Padilla
Pitching: LHP Cedric Zuercher
Batting: LHB Pat Pending 0-0: Fly out, F7 (Flyball, 7, EV 91.2 MPH)
Batting: LHB Roberts Hamhock 0-0: Ball
1-0: Called Strike
1-1: Swinging Strike
1-2: Ball
2-2: Strikes out looking
Batting: LHB Carlos Castro 0-0: Called Strike
0-1: Ball
1-1: Swinging Strike
1-2: Ball
2-2: Foul Ball, location: 2F
2-2: Foul Ball, location: 2F
2-2: Ground out 4-3 (Groundball, 4M, EV 89.4 MPH)
Top of the 8th over - 0 runs, 0 hits, 0 errors, 0 left on base; Alaskan 5 - Jersey City 1
BOTTOM OF THE 8TH
Jersey City Tritons batting - Pitching for Alaskan Humpbacks : LHP Ramon Wuilink
Pitching: RHP Javier Montés
Batting: LHB Bud Randall 0-0: Swinging Strike
0-1: Fly out, F8 (Line Drive, 8RM, EV 95.0 MPH)
Batting: RHB Kjartan Einarsson 0-0: Foul Ball, location: 2F
0-1: Fly out, F9 (Line Drive, 9, EV 88.8 MPH)
Batting: LHB Jason Schneider 0-0: Ball
1-0: Called Strike
1-1: Foul Ball, location: 2F
1-2: Foul Ball, location: 2F
1-2: Strikes out swinging passed ball, reaches first!
Batting: RHB Manuel Márquez 0-0: Ball
1-0: Swinging Strike
1-1: Ball
2-1: Called Strike
2-2: Strikes out swinging
Bottom of the 8th over - 0 runs, 0 hits, 0 errors, 1 left on base; Alaskan 5 - Jersey City 1
TOP OF THE 9TH
Alaskan Humpbacks batting - Pitching for Jersey City Tritons : LHP Cedric Zuercher
Batting: RHB José Torres 0-0: Called Strike
0-1: Ball
1-1: Ball
2-1: Ball
3-1: Fly out, F7 (Flyball, 7LM, EV 86.9 MPH)
Batting: RHB Bobby McFillin 0-0: Ball
1-0: Ball
2-0: Ball
3-0: Base on Balls
Batting: RHB Abel Risinger 0-0: Called Strike
0-1: Ball
1-1: Ball
2-1: Called Strike
2-2: Strikes out looking
Batting: RHB Sigi Lang 0-0: Ball
1-0: Fly out, F7 (Line Drive, 7D, EV 85.0 MPH)
Top of the 9th over - 0 runs, 0 hits, 0 errors, 1 left on base; Alaskan 5 - Jersey City 1
BOTTOM OF THE 9TH
Jersey City Tritons batting - Pitching for Alaskan Humpbacks : RHP Javier Montés
Batting: RHB Phil Oostermeer 0-0: Ball
1-0: Fly out, F7 (Flyball, 7D, EV 110.0 MPH)
Batting: RHB Francisco Agámez 0-0: Called Strike
0-1: Ball
1-1: Foul Ball, location: 2F
1-2: Ball
2-2: Foul Ball, location: 2F
2-2: SINGLE (Groundball, 6MD, EV 108.8 MPH)
Batting: RHB Greg Dixon 0-0: Ball
1-0: Foul Ball, location: 2F
1-1: Ball
2-1: Fly out, F5 (Popup, 5SF, EV 66.2 MPH)
Batting: RHB Yohann Serres 0-0: Foul Ball, location: 2F
0-1: Ball
1-1: Ball
2-1: Swinging Strike
2-2: SINGLE (Groundball, 34S, EV 87.5 MPH) (infield hit)
Francisco Agámez to second
Batting: RHB Santiago Valentín 0-0: Fly out, F7 (Flyball, 7, EV 94.4 MPH)
Bottom of the 9th over - 0 runs, 2 hits, 0 errors, 2 left on base; Alaskan 5 - Jersey City 1
Wednesday, July 8th, 2020 - OOTP Baseball 20.8 Build 74